Map: [ESL] Alcyone

Players

FoxeR

  • Race: Terran Terran
  • Spawn Location: 7:00

Holden - Winner!

  • Race: Protoss Protoss
  • Spawn Location: 1:00

Event: ESL Spring 2024 Finals

VOD

Have the link to the VOD?

Description

Time

  • Played on: May 31, 2024, 6:11 p.m.
  • Length: 21:00

All games in this series

Show
View Real Time Build Order
Export as new Build Order

FoxeR Terran 

Build Orders: Liberator Opening 

Get SALT Encoding   

  12  0:00  SCV  
  13  0:12  SCV  
  14  0:17  Supply Depot  
  14  0:25  SCV  
  15  0:38  SCV  
  15  0:40  Barracks  
  16  0:43  Refinery  
  16  0:50  SCV  
  16  0:53  Refinery  
  17  1:03  SCV  
  18  1:15  SCV  
  19  1:27  Orbital Command, Reaper  
  19  1:29  Supply Depot  
  20  1:41  Factory  
  20  1:53  SCV  
  21  1:59  Barracks Reactor  
  21  2:05  SCV  
  22  2:15  Command Center  
  22  2:18  SCV  
  23  2:30  Starport  
  23  2:31  SCV  
  23  2:35  Supply Depot  
  24  2:39  Widow Mine  
  24  2:43  SCV  
  27  2:47  Marine  
  27  2:48  Marine  
  29  2:55  SCV  
  30  3:01  Widow Mine  
  30  3:05  Marine  
  33  3:06  Marine  
  33  3:07  SCV  
  33  3:10  Medivac  
  37  3:20  SCV  
  37  3:23  Marine, Factory Tech Lab  
  39  3:28  Orbital Command  
  39  3:31  Marine  
  39  3:32  SCV  
  41  3:41  Marine  
  41  3:42  Siege Tank  
  41  3:44  SCV  
  46  3:50  Orbital Command  
  46  3:54  Marine  
  47  3:56  SCV  
  47  4:00  Liberator  
  50  4:04  Supply Depot  
  50  4:05  Marine  
  50  4:08  SCV  
  52  4:12  Marine  
  53  4:17  SCV  
  52  4:24  Marine  
  52  4:30  SCV  
  54  4:32  SCV, Marine  
  54  4:33  Siege Tank  
  54  4:35  Bunker  
  57  4:42  SCV, Marine  
  57  4:44  Starport Tech Lab, Barracks  
  59  4:46  SCV  
  59  4:48  Supply Depot  
  59  4:50  Marine  
  61  4:54  SCV  
  62  5:02  SCV  
  62  5:03  Supply Depot  
  62  5:04  Engineering Bay, Refinery  
  62  5:09  SCV, Marine x2  
  62  5:10  Siege Tank  
  68  5:14  Raven  
  68  5:16  SCV  
  70  5:22  Supply Depot  
  70  5:24  SCV  
  70  5:27  Marine  
  70  5:28  SCV  
  73  5:31  Barracks Tech Lab  
  73  5:33  Barracks  
  73  5:37  SCV  
  73  5:40  SCV  
  73  5:47  Marine  
  73  5:49  SCV  
  71  5:51  Marauder, Stimpack  
  71  5:52  SCV  
  71  5:55  Refinery  
  74  5:58  Marine  
  74  5:59  Siege Tank  
  74  6:01  SCV, Terran Infantry Weapons Level 1  
  79  6:05  Supply Depot  
  79  6:06  SCV  
  77  6:12  Starport Reactor  
  77  6:13  SCV  
  77  6:14  Command Center  
  77  6:17  Marine  
  77  6:18  SCV, Marine  
  80  6:19  Marine  
  83  6:25  SCV  
  83  6:27  Supply Depot  
  83  6:28  Supply Depot  
  83  6:30  SCV  
  83  6:31  Marine  
  85  6:35  Marine  
  85  6:37  SCV  
  85  6:39  Marine  
  88  6:40  Marine  
  88  6:43  Combat Shield  
  90  6:49  Marine  
  90  6:50  Medivac x2  
  90  6:53  Marine  
  95  6:54  Siege Tank  
  97  7:02  Barracks  
  97  7:05  Supply Depot, Barracks  
  97  7:12  Marine  
  97  7:14  Marine  
  96  7:17  Marine  
  96  7:20  Marine  
  96  7:21  SCV  
  97  7:25  SCV  
  98  7:30  Marine, Medivac  
  98  7:32  Marine  
  98  7:34  SCV, Missile Turret  
  98  7:35  Marine  
  104  7:37  SCV, Marine  
  104  7:43  Missile Turret  
  106  7:45  Medivac  
  106  7:47  SCV  
  106  7:49  SCV  
  110  7:52  Supply Depot  
  110  7:53  Marauder, Barracks Reactor  
  112  7:59  Orbital Command, SCV  
  113  8:06  SCV  
  113  8:09  Marauder  
  113  8:11  Marine  
  117  8:13  SCV  
  117  8:14  Marauder  
  117  8:16  Terran Infantry Armor Level 1  
  117  8:17  Missile Turret  
  117  8:18  Barracks Tech Lab, SCV  
  121  8:22  Siege Tank  
  121  8:24  Medivac  
  121  8:25  SCV  
  127  8:27  Medivac  
  127  8:28  Orbital Command  
  127  8:31  SCV  
  127  8:34  Marine  
  114  8:36  Marine  
  103  8:52  Marine x2  
  103  8:56  Widow Mine  
  95  9:05  Marine  
  95  9:06  SCV x2, Marauder  
  100  9:10  Marine  
  100  9:13  Marine  
  100  9:14  Marauder  
  100  9:16  SCV  
  100  9:17  Marine, Marauder  
  102  9:21  Ghost Academy  
  99  9:27  Marine x2, Marauder  
  102  9:31  Marine, Medivac  
  102  9:34  Marine  
  102  9:35  Marauder  
  103  9:40  Marine, Factory Reactor  
  101  9:47  SCV  
  101  9:54  Medivac  
  101  9:55  Marine x2  
  101  9:56  Marauder  
  101  9:57  SCV, Marauder  
  111  10:00  Supply Depot  
  111  10:03  Orbital Command  
  111  10:04  Medivac  
  113  10:08  Marauder  
  113  10:14  SCV  
  115  10:16  Marine, Ghost  
  115  10:17  Ghost  
  120  10:24  Sensor Tower  
  120  10:25  Missile Turret  
  120  10:27  Missile Turret  
  120  10:33  Concussive Shells, Marine  
  120  10:35  Marine x2  
  117  10:36  Widow Mine  
  117  10:37  Widow Mine  
  117  10:39  SCV  
  121  10:48  Bunker  
  121  10:49  Ghost  
  122  10:53  SCV x2  
  122  10:54  SCV  
  122  10:55  Refinery x2  
  125  11:00  Armory  
  125  11:01  Engineering Bay  
  109  11:12  Marine  
  109  11:14  Marine  
  109  11:16  Marine x2  
  80  11:18  Marine  
  80  11:23  Marine x2  
  80  11:24  SCV  
  80  11:29  SCV  
  80  11:30  SCV, Marine  
  81  11:36  SCV, Widow Mine x2  
  86  11:42  SCV x2  
  86  11:45  Liberator x2  
  86  11:46  Marine x4  
  86  11:47  Marine x2  
  98  11:48  SCV, Marine  
  98  11:54  SCV x2  
  104  12:00  SCV  
  105  12:04  Marine x2, Widow Mine x2  
  105  12:05  Marauder  
  105  12:06  SCV x2, Terran Infantry Armor Level 2, Terran Infantry Weapons Level 2  
  115  12:15  Marine, Marauder x2  
  120  12:17  SCV  
  120  12:18  SCV x2  
  123  12:27  Ghost  
  123  12:29  Command Center  
  125  12:31  SCV  
  125  12:36  Marine x2, Marauder x2  
  132  12:39  Marine  
  132  12:40  SCV  
  132  12:42  SCV  
  135  12:48  Supply Depot  
  135  12:50  Supply Depot  
  135  12:55  SCV  
  135  12:56  Marauder  
  135  12:57  Refinery  
  136  13:04  Ghost  
  136  13:07  Marauder  
  128  13:18  Marauder  
  130  13:24  Viking  
  132  13:28  Ghost, Viking  
  132  13:32  Ghost  
  135  13:38  Ghost  
  135  13:40  Marine  
  138  13:47  Marine x2  
  140  13:54  Viking  
  141  13:57  Marauder  
  141  14:00  Terran Ship Weapons Level 1  
  141  14:02  Marauder  
  145  14:08  Marauder  
  146  14:15  SCV x2  
  148  14:18  Marauder  
  148  14:19  Viking  
  148  14:23  Ghost  
  154  14:29  Terran Infantry Armor Level 3, SCV x2, Terran Infantry Weapons Level 3  
  154  14:35  Viking  
  156  14:39  Planetary Fortress  
  156  14:42  Marauder  
  156  14:44  SCV  
  159  14:48  SCV  
  159  14:49  Sensor Tower, Viking  
  162  14:56  Barracks  
  162  14:59  Marauder, Barracks x2  
  161  15:05  Viking  
  161  15:06  SCV x3  
  165  15:15  SCV, Marine, Marauder x2  
  165  15:19  Viking  
  174  15:28  Marauder  
  162  15:44  Starport  
  162  15:45  Fusion Core  
  162  15:49  Refinery  
  158  15:50  Refinery, Command Center  
  158  15:51  Missile Turret  
  155  16:06  Barracks Tech Lab, Marauder  
  155  16:10  Marauder  
  159  16:15  SCV x2  
  161  16:22  Barracks Tech Lab, Starport Reactor  
  161  16:28  Command Center  
  161  16:32  Liberator x2  
  167  16:33  Marauder x5  
  168  16:53  Marauder  
  141  16:54  Marauder x3  
  141  16:55  Marauder  
  141  16:59  Marine, Marauder  
  131  17:09  Missile Turret  
  131  17:13  Marine  
  131  17:14  Liberator, Marauder  
  131  17:15  Liberator x2  
  143  17:16  Liberator  
  143  17:18  SCV x4  
  134  17:40  Marine, Marauder  
  127  17:46  Marine  
  127  17:48  Marine, Marauder  
  109  17:54  Marine x2  
  109  17:55  Marine  
  109  17:57  Liberator x3  
  96  17:59  Marine  
  96  18:02  Marine  
  96  18:03  SCV, Marine x2  
  96  18:04  Marine  
  99  18:06  Marine  
  99  18:09  Advanced Ballistics  
  99  18:13  Marine  
  99  18:14  Marine  
  99  18:18  Marine  
  99  18:19  Medivac  
  100  18:21  Starport  
  100  18:22  Marine  
  100  18:24  Marauder x2  
  100  18:25  Ghost x2  
  109  18:28  Orbital Command  
  109  18:32  Marine  
  109  18:33  Marine x3  
  100  18:40  Sensor Tower  
  100  18:43  Marine x2  
  100  18:45  Ghost x2  
  103  18:50  Marine  
  103  18:51  Marine x3  
  103  18:52  Sensor Tower  
  103  18:54  SCV  
  108  18:56  Marine  
  109  19:14  Marine, Marauder x2  
  114  19:19  Ghost  
  114  19:20  Marine, Marauder x2  
  114  19:21  Caduceus Reactor  
  121  19:25  Ghost  
  121  19:30  SCV  
  124  19:39  Marine  
  124  19:40  Ghost  
  124  19:42  SCV  
  124  19:45  Liberator x2  
  127  19:46  Marauder  
  127  19:50  Marauder  
  127  19:51  SCV  
  130  19:54  SCV  
  109  20:10  Marine x2  
  91  20:15  Marine  
  91  20:17  Marine  
  91  20:19  Marine x2  
  91  20:20  Marine x2  
  79  20:24  Marine  
  79  20:26  Marine  
  56  20:29  Marine  
  56  20:34  Marine x2  
  56  20:35  Marine  
  49  20:37  Marine  
  49  20:54  Unknown  
Show
View Real Time Build Order
Export as new Build Order

Holden Protoss - Winner!

Build Orders: 1 Gate Expand, Blink Stalkers 

Get SALT Encoding   

  12  0:00  Probe  
  13  0:12  Probe  
  14  0:17  Pylon  
  14  0:24  Probe  
  15  0:35  Gateway  
  15  0:36  Probe (Chrono Boost)  
  16  0:46  Assimilator, Probe (Chrono Boost)  
  17  0:51  Probe (Chrono Boost)  
  18  1:03  Probe  
  19  1:15  Probe  
  20  1:22  Cybernetics Core  
  20  1:33  Nexus  
  20  1:41  Pylon  
  20  1:45  Probe  
  21  1:50  Assimilator  
  21  1:56  Adept (Chrono Boost)  
  21  1:57  Probe  
  24  2:02  Warp Gate  
  24  2:09  Probe  
  25  2:17  Adept (Chrono Boost)  
  25  2:21  Probe  
  28  2:33  Twilight Council, Probe  
  29  2:39  Stalker  
  31  2:48  Probe (Chrono Boost)  
  31  2:51  Probe (Chrono Boost)  
  34  3:00  Probe (Chrono Boost)  
  34  3:01  Probe (Chrono Boost)  
  34  3:02  Gateway  
  35  3:05  Probe (Chrono Boost)  
  35  3:09  Shield Battery  
  36  3:13  Probe  
  36  3:17  Blink (Chrono Boost), Probe  
  38  3:25  Probe  
  39  3:29  Probe  
  40  3:38  Robotics Facility, Probe  
  41  3:41  Probe  
  42  3:49  Gateway  
  42  3:50  Gateway  
  42  3:51  Probe  
  42  3:53  Probe  
  44  4:01  Pylon  
  44  4:03  Probe  
  44  4:05  Probe, Pylon  
  46  4:19  Probe  
  46  4:20  Probe  
  46  4:26  Stalker x2  
  50  4:31  Probe  
  50  4:32  Warp Prism (Chrono Boost), Probe  
  53  4:44  Assimilator  
  53  4:45  Stalker  
  56  4:46  Stalker  
  56  4:51  Stalker  
  60  4:53  Stalker  
  61  5:00  Pylon  
  61  5:09  Nexus  
  61  5:19  Observer  
  62  5:25  Stalker x3  
  62  5:26  Stalker  
  70  5:31  Pylon  
  70  5:38  Charge  
  70  5:49  Probe x2  
  72  5:54  Stalker x2  
  70  6:01  Probe x2  
  71  6:14  Templar Archives, Probe x2 (Chrono Boost)  
  73  6:23  Gateway, Probe x2 (Chrono Boost)  
  75  6:27  Probe (Chrono Boost)  
  75  6:28  Probe x2 (Chrono Boost)  
  78  6:36  Gateway  
  78  6:37  Gateway  
  78  6:38  Probe (Chrono Boost)  
  78  6:40  Probe (Chrono Boost)  
  78  6:41  Gateway, Psionic Storm  
  78  6:44  Probe (Chrono Boost)  
  80  6:48  Sentry  
  80  6:50  Probe (Chrono Boost)  
  80  6:51  Probe (Chrono Boost)  
  85  6:55  Probe x2 (Chrono Boost)  
  86  7:03  Zealot  
  86  7:04  Zealot x2  
  86  7:05  Probe  
  93  7:08  Probe x2  
  93  7:11  Pylon  
  93  7:14  Pylon  
  93  7:16  Pylon  
  93  7:21  Nexus  
  91  7:24  Pylon  
  86  7:33  High Templar x2  
  86  7:34  Zealot x3  
  96  7:39  High Templar  
  96  7:40  Zealot x2  
  102  7:48  Pylon  
  102  7:51  Pylon  
  102  7:55  High Templar  
  102  7:56  Zealot x2  
  108  8:01  Zealot  
  108  8:02  Zealot  
  108  8:05  Pylon  
  106  8:06  Zealot x2  
  110  8:14  Zealot x2  
  110  8:17  Probe x2  
  110  8:18  Zealot x3  
  110  8:35  Zealot x7  
  116  8:46  Stalker  
  93  9:03  Stalker x4  
  93  9:04  Probe x2  
  93  9:09  Stalker x4  
  107  9:10  Probe x2  
  107  9:16  Probe  
  97  9:19  Archon  
  97  9:23  Probe x2  
  97  9:28  Probe  
  97  9:29  Zealot x4, Probe  
  107  9:35  Probe x2  
  103  9:47  High Templar  
  103  9:48  Zealot x3  
  109  9:54  Zealot x2  
  109  9:55  Zealot, High Templar  
  116  10:02  Shield Battery  
  116  10:06  Forge  
  116  10:09  Probe x4  
  116  10:12  High Templar  
  122  10:16  Zealot x2  
  122  10:17  Zealot x3  
  122  10:20  Observer  
  122  10:21  Probe x2  
  135  10:22  Zealot  
  135  10:26  Probe  
  135  10:27  Probe  
  132  10:33  Probe x2  
  131  10:38  Probe  
  131  10:39  Probe  
  131  10:40  Protoss Ground Weapons Level 1 (Chrono Boost)  
  131  10:41  Zealot x6  
  145  10:45  Assimilator  
  145  10:53  Robotics Bay, Probe  
  142  11:00  Zealot x2  
  142  11:02  Probe  
  139  11:15  Archon  
  139  11:17  Zealot x6  
  115  11:18  Probe  
  101  11:27  Probe  
  101  11:28  Immortal (Chrono Boost)  
  101  11:31  High Templar  
  88  11:34  Robotics Facility  
  88  11:37  Zealot  
  88  11:38  Zealot x6  
  102  11:41  Assimilator  
  102  11:42  Probe x2  
  102  11:43  Assimilator  
  104  11:58  Extended Thermal Lance (Chrono Boost)  
  104  12:03  Zealot x5  
  104  12:04  Colossus (Chrono Boost)  
  120  12:12  High Templar  
  120  12:13  Zealot x2  
  124  12:17  Archon  
  124  12:19  Protoss Ground Armor Level 1 (Chrono Boost)  
  124  12:21  Colossus (Chrono Boost)  
  128  12:30  Forge, Probe  
  128  12:31  Probe x2  
  128  12:33  Assimilator  
  128  12:36  Zealot x2  
  128  12:37  Assimilator  
  135  12:40  Pylon  
  141  12:47  Stalker, Pylon  
  141  12:48  Colossus (Chrono Boost)  
  143  12:58  Zealot x2  
  143  12:59  Zealot x2, Stalker x2  
  145  13:12  Disruptor (Chrono Boost)  
  135  13:13  Zealot x2  
  140  13:20  Stalker  
  140  13:21  Stalker x2  
  140  13:23  Probe  
  147  13:29  Disruptor  
  149  13:34  Probe x2  
  154  13:45  Zealot  
  154  13:46  Zealot x2  
  160  13:49  Probe  
  160  13:52  Protoss Ground Weapons Level 2 (Chrono Boost), Pylon  
  161  13:58  Disruptor  
  161  14:02  Disruptor  
  161  14:05  Nexus  
  163  14:17  Stalker x2  
  163  14:18  Zealot  
  163  14:20  Zealot  
  169  14:26  Disruptor  
  169  14:30  Disruptor  
  167  14:37  Pylon  
  175  14:47  Stalker x2  
  175  15:01  Disruptor  
  175  15:02  Zealot x3  
  185  15:09  Disruptor  
  185  15:22  Stalker  
  185  15:23  Zealot  
  185  15:26  Stalker  
  189  15:38  Immortal  
  191  15:45  Immortal  
  191  15:47  Protoss Ground Armor Level 2 (Chrono Boost)  
  195  15:50  Stalker x2  
  187  16:11  Stalker x2  
  187  16:12  Stalker x3  
  197  16:23  Protoss Ground Weapons Level 3 (Chrono Boost)  
  197  16:26  Stalker  
  197  16:28  Gravitic Drive  
  197  16:32  Dark Shrine  
  181  16:54  Disruptor x2  
  169  16:59  Stalker x3  
  169  17:00  Zealot x4  
  185  17:04  Gateway  
  185  17:07  Gateway  
  185  17:08  Gateway  
  177  17:15  Zealot  
  177  17:27  Nexus  
  177  17:29  Disruptor, Pylon  
  159  17:30  Disruptor  
  155  17:39  Zealot x4  
  137  17:54  Zealot x4  
  125  18:00  Shadow Stride  
  125  18:01  Zealot  
  125  18:02  Zealot x4  
  125  18:05  Disruptor (Chrono Boost)  
  135  18:06  Disruptor (Chrono Boost)  
  135  18:26  Probe  
  135  18:27  Zealot x11  
  154  18:34  Colossus x2 (Chrono Boost)  
  154  18:41  Shield Battery  
  166  18:43  Photon Cannon  
  166  18:48  Stalker x3  
  172  18:53  Assimilator  
  172  18:55  Assimilator  
  172  18:57  Stalker x2  
  172  18:58  Zealot x3  
  176  19:15  Stalker  
  176  19:29  Stalker x8  
  192  19:45  Stalker x3  
  154  20:19  Disruptor  
  154  20:20  Disruptor  
  142  20:21  Zealot x6  
  142  20:22  Zealot x5  
  144  20:38  Probe  
  144  20:39  Probe x3  
  148  20:44  Stalker x3  
  148  20:45  Stalker x4  
  148  20:48  Nexus  
  148  20:49  Pylon  
  162  20:53  Stalker x2  
Tags
 
Add a new tag
Caveats
  • Supply blocks, unpowered buildings, or Contaminate may cause inaccurate times.
  • Supply counts are checked every 10 seconds.